AoeStats
← Gérard Archer

Arabia

510156642Analyzed
2v2 RM · 4d ago on Sep 29, 2026· 80m 59s· 4 players
Game mode
Random Map
Map size
Medium (4 player)
Population
200
Speed
Normal
Resources
Standard
Victory
Conquest
Starting age
Dark Age
Ending age
Imperial Age
RankedLock teamsTeams togetherTeam positionsShared explorationLock speedFull tech treeHidden civsTurbo modeCheats
Victory
Defeat
🇹🇷 Huns · Türkiye
808
+14
🇮🇳 Lithuanians · India
725
+18
🇫🇷 Wei · France
787
-17
🇫🇷 Teutons · France
741
-15
kinge564
0:40 Loom
10:47 Feudal Age
13:20 Horse Collar
13:37 Double-Bit Axe
14:18 Scale Mail Armor
14:29 Forging
16:47 Man-at-Arms
18:40 Arson
25:32 Castle Age
24:56 Gold Mining
24:57 Stone Mining
28:35 Long Swordsman
29:00 Gambesons
29:16 Squires
29:36 Chain Mail Armor
29:57 Iron Casting
29:41 Fortified Wall
30:11 Stone Shaft Mining
37:07 Imperial Age
37:17 Two-Handed Swordsman
38:32 Plate Mail Armor
39:03 Blast Furnace
38:45 Bow Saw
39:04 Capped Ram
41:04 Two-Man Saw
40:49 Conscription
43:17 Champion
45:05 Heavy Plow
48:08 Crop Rotation
53:47 Elite Teutonic Knight
54:49 Ironclad
57:25 Crenellations
60:20 Cavalier
64:46 Arrowslits
64:53 Guard Tower
64:54 Heated Shot
65:16 Masonry
67:41 Scale Barding Armor
73:02 Paladin
Gérard Archer
6:42 Loom
9:46 Feudal Age
17:19 Double-Bit Axe
23:19 Castle Age
23:12 Horse Collar
26:33 Bloodlines
28:04 Thumb Ring
28:38 Fletching
28:49 Padded Archer Armor
29:45 Bodkin Arrow
36:49 Ballistics
43:41 Imperial Age
41:47 Wheelbarrow
44:35 Leather Archer Armor
43:52 Pikeman
46:46 Parthian Tactics
48:03 Conscription
49:23 Squires
49:08 Arson
50:07 Bow Saw
50:14 Heavy Plow
51:00 Ming Guang Armor
52:05 Fortified Wall
52:31 Bracer
54:01 Ring Archer Armor
57:17 Halberdier
61:11 Scale Mail Armor
61:21 Forging
62:49 Chain Mail Armor
64:47 Murder Holes
71:00 Scale Barding Armor
72:48 Tuntian
73:26 Hand Cart
Malikestergok
2:20 Loom
10:48 Feudal Age
12:06 Wheelbarrow
11:13 Horse Collar
11:20 Double-Bit Axe
25:33 Castle Age
24:09 Stone Mining
27:01 Hand Cart
27:41 Husbandry
46:54 Bow Saw
49:34 Caravan
50:09 Forging
50:00 Padded Archer Armor
50:09 Scale Barding Armor
55:40 Iron Casting
54:56 Fletching
57:17 Leather Archer Armor
56:58 Bodkin Arrow
57:24 Chain Barding Armor
57:42 Gold Mining
58:58 Gold Shaft Mining
61:36 Coinage
63:46 Imperial Age
62:34 Ballistics
62:25 Masonry
66:30 Parthian Tactics
66:59 Coinage
66:40 Guilds
66:44 Bracer
67:45 Blast Furnace
67:49 Chemistry
69:00 Heavy Cavalry Archer
70:20 Banking
73:13 Conscription
73:03 Marauders
72:58 Sappers
80:58 Elite Tarkan
nerinvergil
10:56 Feudal Age
9:15 Loom
11:01 Feudal Age
12:00 Double-Bit Axe
12:05 Man-at-Arms
14:53 Fletching
15:06 Scale Mail Armor
14:56 Fletching
15:20 Arson
15:35 Horse Collar
26:25 Castle Age
25:36 Gold Mining
25:38 Stone Mining
26:22 Scale Barding Armor
26:28 Forging
27:34 Bow Saw
28:38 Bloodlines
29:53 Husbandry
32:13 Fervor
33:46 Heavy Plow
34:34 Stone Shaft Mining
35:00 Chain Barding Armor
35:42 Iron Casting
36:33 Bodkin Arrow
36:39 Padded Archer Armor
39:02 Wheelbarrow
38:53 Thumb Ring
40:30 Leather Archer Armor
42:14 Hand Cart
47:45 Imperial Age
45:47 Herbal Medicine
46:13 Light Cavalry
47:32 Town Watch
49:08 Caravan
49:54 Crop Rotation
50:08 Ballistics
50:00 Masonry
49:46 Murder Holes
50:08 Winged Hussar
51:23 Bracer
52:57 Conscription
53:23 Plate Barding Armor
53:13 Town Patrol
55:49 Elite Skirmisher
55:51 Heavy Cavalry Archer
57:03 Ring Archer Armor
59:10 Chemistry
58:41 Architecture
57:52 Treadmill Crane
57:49 Elite Leitis
66:28 Tower Shields
66:29 Hill Forts
67:04 Hoardings
78:56 Squires
78:16 Pikeman
Connection lost

Rejoining the realm…

Still unreachable

The connection could not be restored.

Session expired

The server has moved on; the page needs a fresh start.